3055 views
Uploaded 2019-12-01 20:44:26
Game version 1.32.0.2 / 1.32.0.2.1
43:03 long 4on4 ladder game on (8)Feralas_LV
Saved by BEARAND
3055 views
Uploaded 2019-12-01 20:44:26
Game version 1.32.0.2 / 1.32.0.2.1
43:03 long 4on4 ladder game on (8)Feralas_LV


94 units @ 7.7k
/ 0.2k
420 buildings @ 23.4k
/ 12.5k



| Healing Salve | 1 | 100 |
| Orb of Lightning | 1 | 375 |
| Scroll of Town Portal | 1 | 350 |
| Boots of Speed | 3 | 750 |
| Staff of Teleportation | 3 | 450 |
| Periapt of Vitality | 1 | 325 |
| Circlet of Nobility | 1 | 175 |
| Staff of Sanctuary | 3 | 750 |
| Orb of Fire | 1 | 325 |
| total: | 15 | 3600g |
| Peon | 19 | 1425 | / | 0 |
| Troll Witch Doctor | 7 | 1015 | / | 175 |
| total: | 26 | 2440g | / | 175w |
| Watch Tower | 29 | 3190 | / | 2320 |
| Altar of Storms | 2 | 360 | / | 100 |
| Orc Burrow | 6 | 960 | / | 240 |
| War Mill | 1 | 205 | / | 0 |
| Voodoo Lounge | 4 | 520 | / | 120 |
| Great Hall | 2 | 770 | / | 370 |
| Spirit Lodge | 1 | 150 | / | 150 |
| Stronghold | 1 | 315 | / | 190 |
| Fortress | 1 | 325 | / | 190 |
| total: | 45 | 6155g | / | 3300w |
| 0:02 | Peon |
| 0:03 | Peon |
| 0:06 | Altar of Storms |
| 0:20 | Orc Burrow |
| 0:22 | Peon |
| 0:35 | Peon |
| 0:50 | War Mill |
| 1:05 | Peon |
| 1:14 | Peon |
| 1:20 | Voodoo Lounge |
| 1:23 | Peon |
| 1:38 | Peon |
| 1:57 | Orc Burrow |
| 2:07 | Watch Tower |
| 2:14 | Shockwave |
| 2:16 | Peon |
| 2:19 | Peon |
| 2:38 | Peon |
| 2:41 | Watch Tower |
| 3:00 | Peon |
| 3:07 | Peon |
| 3:11 | Watch Tower |
| 3:13 | Healing Salve |
| 3:21 | Watch Tower |
| 3:59 | Watch Tower |
| 4:17 | Watch Tower |
| 4:20 | Stronghold |
| 4:27 | Endurance Aura |
| 4:52 | Great Hall |
| 5:04 | Watch Tower |
| 5:20 | Watch Tower |
| 5:36 | Voodoo Lounge |
| 5:39 | Voodoo Lounge |
| 5:45 | Voodoo Lounge |
| 6:10 | Watch Tower |
| 6:17 | Boots of Speed |
| 6:50 | Watch Tower |
| 7:27 | Watch Tower |
| 7:54 | Watch Tower |
| 7:55 | Peon |
| 7:56 | Peon |
| 7:56 | Peon |
| 7:56 | Peon |
| 8:08 | Hex |
| 8:21 | Spirit Lodge |
| 8:24 | Orc Burrow |
| 8:27 | Reinforced Defenses |
| 9:21 | Watch Tower |
| 9:32 | Peon |
| 9:33 | Peon |
| 9:38 | Shockwave |
| 9:52 | Witch Doctor Adept Training |
| 10:05 | Fortress |
| 10:22 | Spiked Barricades |
| 10:27 | Watch Tower |
| 10:29 | Pillage |
| 10:55 | Troll Witch Doctor |
| 10:55 | Troll Witch Doctor |
| 10:56 | Troll Witch Doctor |
| 11:15 | Boots of Speed |
| 11:26 | Improved Spiked Barricades |
| 11:41 | Watch Tower |
| 12:30 | Witch Doctor Master Training |
| 12:37 | Healing Wave |
| 12:44 | Orb of Lightning |
| 12:48 | Watch Tower |
| 12:57 | Staff of Sanctuary |
| 13:31 | Orb of Fire |
| 13:46 | Troll Witch Doctor |
| 13:46 | Troll Witch Doctor |
| 13:53 | Frost Arrows |
| 13:58 | Watch Tower |
| 15:14 | Watch Tower |
| 16:52 | Watch Tower |
| 17:20 | Troll Witch Doctor |
| 17:20 | Troll Witch Doctor |
| 17:44 | Forked Lightning |
| 18:02 | Watch Tower |
| 18:07 | Watch Tower |
| 19:05 | Watch Tower |
| 19:17 | Staff of Sanctuary |
| 19:37 | Watch Tower |
| 19:38 | Watch Tower |
| 19:40 | Watch Tower |
| 19:43 | Watch Tower |
| 19:48 | Boots of Speed |
| 19:49 | Staff of Teleportation |
| 19:49 | Periapt of Vitality |
| 19:49 | Circlet of Nobility |
| 20:30 | Steel Ranged Weapons |
| 20:31 | Steel Armor |
| 21:02 | Watch Tower |
| 21:04 | Watch Tower |
| 21:05 | Watch Tower |
| 22:09 | Hex |
| 22:55 | Endurance Aura |
| 23:22 | Altar of Storms |
| 23:25 | Orc Burrow |
| 23:33 | Orc Burrow |
| 23:46 | Scroll of Town Portal |
| 23:50 | Staff of Sanctuary |
| 25:09 | Frost Arrows |
| 25:55 | Orc Burrow |
| 29:49 | Staff of Teleportation |
| 32:45 | Healing Wave |
| 34:58 | Staff of Teleportation |
| 36:27 | Forked Lightning |
| 36:37 | Endurance Aura |
| 41:16 | Great Hall |
| Right click | 3110 |
| Select group | 836 |
| Select | 800 |
| Misc. action | 333 |
| Chat | 193 |
| Use ability | 126 |
| Build/train/purchase | 69 |
| Assign group | 13 |
| Item give/drop | 5 |
| Minimap ping | 3 |



x1)
| Lesser Clarity Potion | 1 | 70 |
| Staff of Sanctuary | 3 | 750 |
| Staff of Teleportation | 3 | 450 |
| Boots of Speed | 3 | 750 |
| Tome of Retraining | 1 | 300 |
| Circlet of Nobility | 1 | 175 |
| Periapt of Vitality | 1 | 325 |
| Healing Salve | 1 | 100 |
| Orb of Lightning | 3 | 1125 |
| total: | 17 | 4045g |
| Peasant | 24 | 1800 | / | 0 |
| Priest | 1 | 135 | / | 10 |
| total: | 25 | 1935g | / | 10w |
| Scout Tower | 204 | 6120 | / | 4080 |
| Arcane Tower | 6 | 420 | / | 300 |
| Guard Tower | 45 | 3150 | / | 2250 |
| Altar of Kings | 2 | 360 | / | 100 |
| Farm | 7 | 560 | / | 140 |
| Lumber Mill | 2 | 240 | / | 0 |
| Town Hall | 1 | 385 | / | 205 |
| Arcane Vault | 5 | 650 | / | 150 |
| Arcane Sanctum | 1 | 150 | / | 140 |
| Keep | 1 | 320 | / | 210 |
| Castle | 1 | 360 | / | 210 |
| total: | 222 | 8465g | / | 4815w |
| 0:07 | Peasant |
| 0:07 | Peasant |
| 0:10 | Altar of Kings |
| 0:12 | Farm |
| 0:18 | Peasant |
| 0:19 | Peasant |
| 0:51 | Lumber Mill |
| 0:59 | Scout Tower |
| 1:02 | Peasant |
| 1:14 | Farm |
| 1:25 | Arcane Tower |
| 1:31 | Peasant |
| 1:35 | Peasant |
| 1:35 | Peasant |
| 1:40 | Scout Tower |
| 1:55 | Peasant |
| 1:55 | Peasant |
| 2:10 | Summon Water Elemental |
| 2:12 | Guard Tower |
| 2:25 | Peasant |
| 2:25 | Peasant |
| 2:36 | Scout Tower |
| 2:47 | Peasant |
| 2:47 | Peasant |
| 2:47 | Peasant |
| 3:02 | Guard Tower |
| 3:03 | Scout Tower |
| 3:30 | Scout Tower |
| 3:30 | Scout Tower |
| 3:34 | Guard Tower |
| 3:35 | Scout Tower |
| 3:43 | Staff of Teleportation |
| 3:44 | Boots of Speed |
| 3:49 | Keep |
| 4:08 | Farm |
| 4:08 | Farm |
| 4:26 | Brilliance Aura |
| 5:27 | Town Hall |
| 5:41 | Guard Tower |
| 5:55 | Guard Tower |
| 6:03 | Scout Tower |
| 6:04 | Summon Water Elemental |
| 6:35 | Peasant |
| 6:35 | Peasant |
| 6:44 | Guard Tower |
| 6:45 | Scout Tower |
| 7:14 | Castle |
| 7:15 | Peasant |
| 7:15 | Peasant |
| 7:22 | Storm Bolt |
| 7:27 | Guard Tower |
| 7:28 | Scout Tower |
| 7:30 | Scout Tower |
| 8:33 | Arcane Tower |
| 8:34 | Guard Tower |
| 8:36 | Scout Tower |
| 8:36 | Scout Tower |
| 8:37 | Scout Tower |
| 8:38 | Scout Tower |
| 8:45 | Arcane Vault |
| 8:46 | Arcane Vault |
| 8:47 | Arcane Vault |
| 8:47 | Arcane Vault |
| 8:48 | Arcane Vault |
| 8:51 | Healing Salve |
| 8:52 | Lesser Clarity Potion |
| 8:58 | Arcane Sanctum |
| 9:00 | Improved Masonry |
| 9:00 | Improved Lumber Harvesting |
| 9:03 | Scout Tower |
| 9:03 | Scout Tower |
| 9:07 | Guard Tower |
| 9:36 | Guard Tower |
| 9:37 | Scout Tower |
| 9:37 | Scout Tower |
| 9:38 | Scout Tower |
| 9:39 | Scout Tower |
| 9:41 | Scout Tower |
| 9:42 | Scout Tower |
| 9:42 | Scout Tower |
| 9:56 | Arcane Tower |
| 10:11 | Staff of Sanctuary |
| 10:15 | Staff of Sanctuary |
| 10:24 | Magic Sentry |
| 10:31 | Guard Tower |
| 10:34 | Arcane Tower |
| 10:38 | Arcane Tower |
| 10:55 | Staff of Teleportation |
| 10:57 | Boots of Speed |
| 11:02 | Tome of Retraining |
| 11:02 | Retrain Hero |
| 11:05 | Brilliance Aura |
| 11:06 | Brilliance Aura |
| 11:07 | Blizzard |
| 11:11 | Holy Light |
| 11:17 | Guard Tower |
| 11:19 | Peasant |
| 11:19 | Peasant |
| 11:19 | Peasant |
| 11:24 | Priest |
| 11:24 | Priest Adept Training |
| 11:27 | Scout Tower |
| 11:27 | Scout Tower |
| 11:28 | Scout Tower |
| 11:29 | Scout Tower |
| 11:31 | Scout Tower |
| 11:31 | Scout Tower |
| 11:32 | Scout Tower |
| 11:35 | Advanced Masonry |
| 11:36 | Peasant |
| 11:36 | Peasant |
| 11:39 | Staff of Sanctuary |
| 11:54 | Guard Tower |
| 11:57 | Scout Tower |
| 11:57 | Scout Tower |
| 11:58 | Scout Tower |
| 12:03 | Scout Tower |
| 12:03 | Scout Tower |
| 12:04 | Scout Tower |
| 12:05 | Scout Tower |
| 12:05 | Scout Tower |
| 12:06 | Scout Tower |
| 12:06 | Scout Tower |
| 12:07 | Scout Tower |
| 12:49 | Bash |
| 12:50 | Blizzard |
| 13:04 | Orb of Lightning |
| 13:15 | Imbued Masonry |
| 13:17 | Guard Tower |
| 13:19 | Arcane Tower |
| 13:23 | Guard Tower |
| 13:25 | Guard Tower |
| 13:36 | Boots of Speed |
| 14:13 | Scout Tower |
| 14:15 | Scout Tower |
| 14:16 | Scout Tower |
| 14:17 | Scout Tower |
| 14:17 | Scout Tower |
| 15:03 | Priest Master Training |
| 15:04 | Advanced Lumber Harvesting |
| 15:06 | Orb of Lightning |
| 15:11 | Guard Tower |
| 15:14 | Scout Tower |
| 15:14 | Scout Tower |
| 15:16 | Scout Tower |
| 15:18 | Scout Tower |
| 15:20 | Scout Tower |
| 15:21 | Scout Tower |
| 15:23 | Scout Tower |
| 15:23 | Scout Tower |
| 15:24 | Scout Tower |
| 15:26 | Scout Tower |
| 15:27 | Scout Tower |
| 15:27 | Scout Tower |
| 15:28 | Scout Tower |
| 15:29 | Scout Tower |
| 15:29 | Scout Tower |
| 15:30 | Scout Tower |
| 16:05 | Guard Tower |
| 16:06 | Guard Tower |
| 16:08 | Scout Tower |
| 16:09 | Scout Tower |
| 16:40 | Guard Tower |
| 16:40 | Scout Tower |
| 16:42 | Scout Tower |
| 16:43 | Scout Tower |
| 16:43 | Scout Tower |
| 16:44 | Scout Tower |
| 16:45 | Scout Tower |
| 16:49 | Guard Tower |
| 16:53 | Scout Tower |
| 16:56 | Scout Tower |
| 18:07 | Guard Tower |
| 18:11 | Scout Tower |
| 18:12 | Scout Tower |
| 18:14 | Scout Tower |
| 18:15 | Scout Tower |
| 18:17 | Scout Tower |
| 18:24 | Staff of Teleportation |
| 18:26 | Circlet of Nobility |
| 18:37 | Periapt of Vitality |
| 18:53 | Guard Tower |
| 18:57 | Orb of Lightning |
| 19:08 | Guard Tower |
| 19:11 | Scout Tower |
| 19:12 | Scout Tower |
| 19:12 | Scout Tower |
| 19:13 | Scout Tower |
| 19:14 | Scout Tower |
| 19:15 | Scout Tower |
| 19:15 | Scout Tower |
| 19:16 | Scout Tower |
| 19:17 | Scout Tower |
| 19:17 | Scout Tower |
| 19:18 | Scout Tower |
| 19:19 | Scout Tower |
| 19:50 | Guard Tower |
| 20:09 | Guard Tower |
| 21:02 | Divine Shield |
| 21:27 | Guard Tower |
| 22:43 | Scout Tower |
| 22:44 | Scout Tower |
| 22:44 | Scout Tower |
| 22:45 | Scout Tower |
| 22:46 | Scout Tower |
| 22:47 | Scout Tower |
| 22:48 | Scout Tower |
| 22:49 | Scout Tower |
| 22:50 | Scout Tower |
| 22:51 | Scout Tower |
| 22:52 | Scout Tower |
| 22:53 | Scout Tower |
| 22:53 | Scout Tower |
| 22:54 | Scout Tower |
| 22:55 | Scout Tower |
| 23:16 | Scout Tower |
| 23:17 | Scout Tower |
| 23:18 | Scout Tower |
| 23:18 | Scout Tower |
| 23:19 | Scout Tower |
| 23:20 | Scout Tower |
| 23:21 | Scout Tower |
| 23:21 | Scout Tower |
| 23:21 | Scout Tower |
| 23:32 | Scout Tower |
| 23:33 | Scout Tower |
| 23:33 | Scout Tower |
| 23:35 | Scout Tower |
| 23:36 | Scout Tower |
| 23:36 | Scout Tower |
| 23:37 | Scout Tower |
| 23:37 | Scout Tower |
| 23:38 | Scout Tower |
| 23:38 | Scout Tower |
| 23:39 | Scout Tower |
| 23:40 | Scout Tower |
| 23:45 | Guard Tower |
| 23:51 | Scout Tower |
| 23:52 | Scout Tower |
| 23:52 | Scout Tower |
| 23:53 | Scout Tower |
| 23:53 | Scout Tower |
| 23:54 | Scout Tower |
| 23:55 | Scout Tower |
| 23:56 | Scout Tower |
| 23:56 | Scout Tower |
| 23:57 | Scout Tower |
| 23:57 | Scout Tower |
| 23:58 | Scout Tower |
| 24:31 | Storm Bolt |
| 25:13 | Guard Tower |
| 25:15 | Guard Tower |
| 25:24 | Guard Tower |
| 25:49 | Scout Tower |
| 25:49 | Scout Tower |
| 25:50 | Scout Tower |
| 25:51 | Scout Tower |
| 25:51 | Scout Tower |
| 25:52 | Scout Tower |
| 25:52 | Scout Tower |
| 25:53 | Scout Tower |
| 25:54 | Scout Tower |
| 25:55 | Scout Tower |
| 25:56 | Scout Tower |
| 25:56 | Scout Tower |
| 25:57 | Scout Tower |
| 25:57 | Scout Tower |
| 25:58 | Scout Tower |
| 25:58 | Scout Tower |
| 25:59 | Scout Tower |
| 25:59 | Scout Tower |
| 26:14 | Guard Tower |
| 26:16 | Scout Tower |
| 26:16 | Scout Tower |
| 26:17 | Scout Tower |
| 26:17 | Scout Tower |
| 26:18 | Scout Tower |
| 26:19 | Scout Tower |
| 26:19 | Scout Tower |
| 26:33 | Scout Tower |
| 26:33 | Scout Tower |
| 26:34 | Scout Tower |
| 26:34 | Scout Tower |
| 26:35 | Scout Tower |
| 26:35 | Scout Tower |
| 26:35 | Scout Tower |
| 26:38 | Guard Tower |
| 26:54 | Guard Tower |
| 26:57 | Scout Tower |
| 26:57 | Scout Tower |
| 27:01 | Guard Tower |
| 27:02 | Scout Tower |
| 27:03 | Scout Tower |
| 27:09 | Scout Tower |
| 27:09 | Scout Tower |
| 27:10 | Scout Tower |
| 27:21 | Guard Tower |
| 27:23 | Scout Tower |
| 27:23 | Scout Tower |
| 27:24 | Scout Tower |
| 27:25 | Scout Tower |
| 27:26 | Scout Tower |
| 27:26 | Scout Tower |
| 27:48 | Guard Tower |
| 28:02 | Guard Tower |
| 28:48 | Guard Tower |
| 29:37 | Guard Tower |
| 30:11 | Scout Tower |
| 30:12 | Scout Tower |
| 30:13 | Scout Tower |
| 30:13 | Scout Tower |
| 30:14 | Scout Tower |
| 30:14 | Scout Tower |
| 30:16 | Lumber Mill |
| 30:22 | Altar of Kings |
| 30:23 | Farm |
| 30:24 | Farm |
| 30:25 | Farm |
| 30:33 | Scout Tower |
| 30:34 | Scout Tower |
| 30:47 | Guard Tower |
| 31:12 | Guard Tower |
| 31:44 | Blizzard |
| 33:01 | Holy Light |
| 34:15 | Guard Tower |
| 34:18 | Scout Tower |
| 34:18 | Scout Tower |
| 34:19 | Scout Tower |
| 34:19 | Scout Tower |
| 34:20 | Scout Tower |
| 34:20 | Scout Tower |
| 34:22 | Scout Tower |
| 34:22 | Scout Tower |
| 34:23 | Scout Tower |
| 34:24 | Scout Tower |
| 34:24 | Scout Tower |
| 34:25 | Scout Tower |
| 34:25 | Scout Tower |
| 35:13 | Guard Tower |
| 35:39 | Guard Tower |
| 35:44 | Bash |
| 39:13 | Brilliance Aura |
| 40:39 | Devotion Aura |
| 42:43 | Storm Bolt |
| Right click | 3051 |
| Select group | 2720 |
| Select | 397 |
| Use ability | 202 |
| Build/train/purchase | 173 |
| Chat | 115 |
| Misc. action | 100 |
| Item give/drop | 16 |
| Assign group | 13 |
| Minimap ping | 10 |
| Esc | 2 |




| Scroll of Regeneration | 1 | 100 |
| Potion of Healing | 1 | 150 |
| Lesser Clarity Potion | 3 | 210 |
| Staff of Sanctuary | 3 | 750 |
| Potion of Mana | 2 | 400 |
| Staff of Teleportation | 3 | 450 |
| Boots of Speed | 3 | 750 |
| Periapt of Vitality | 1 | 325 |
| Healing Salve | 1 | 100 |
| Orb of Lightning | 2 | 750 |
| total: | 20 | 3985g |
| Peasant | 21 | 1575 | / | 0 |
| Priest | 1 | 135 | / | 10 |
| total: | 22 | 1710g | / | 10w |
| Scout Tower | 64 | 1920 | / | 1280 |
| Arcane Tower | 3 | 210 | / | 150 |
| Guard Tower | 19 | 1330 | / | 950 |
| Altar of Kings | 3 | 540 | / | 150 |
| Farm | 20 | 1600 | / | 400 |
| Lumber Mill | 2 | 240 | / | 0 |
| Arcane Vault | 3 | 390 | / | 90 |
| Town Hall | 1 | 385 | / | 205 |
| Blacksmith | 1 | 140 | / | 60 |
| Barracks | 1 | 160 | / | 60 |
| Arcane Sanctum | 1 | 150 | / | 140 |
| Gryphon Aviary | 4 | 560 | / | 600 |
| Keep | 1 | 320 | / | 210 |
| Castle | 2 | 720 | / | 420 |
| total: | 100 | 6085g | / | 2985w |
| 0:03 | Peasant |
| 0:07 | Altar of Kings |
| 0:08 | Altar of Kings |
| 0:16 | Peasant |
| 0:19 | Farm |
| 0:30 | Peasant |
| 0:36 | Lumber Mill |
| 0:40 | Peasant |
| 0:45 | Farm |
| 0:50 | Peasant |
| 0:57 | Peasant |
| 1:17 | Peasant |
| 1:26 | Scout Tower |
| 1:36 | Peasant |
| 1:45 | Scout Tower |
| 1:52 | Scout Tower |
| 1:55 | Arcane Tower |
| 1:57 | Scout Tower |
| 2:02 | Peasant |
| 2:04 | Scout Tower |
| 2:13 | Guard Tower |
| 2:17 | Peasant |
| 2:21 | Guard Tower |
| 2:23 | Scout Tower |
| 2:28 | Scout Tower |
| 2:34 | Peasant |
| 2:34 | Peasant |
| 2:41 | Peasant |
| 2:42 | Peasant |
| 2:46 | Flame Strike |
| 2:48 | Guard Tower |
| 3:08 | Guard Tower |
| 3:09 | Scout Tower |
| 3:10 | Scout Tower |
| 3:23 | Peasant |
| 3:32 | Arcane Vault |
| 3:35 | Guard Tower |
| 4:26 | Town Hall |
| 4:35 | Banish |
| 4:41 | Scout Tower |
| 4:41 | Scout Tower |
| 4:42 | Scout Tower |
| 4:44 | Scout Tower |
| 4:44 | Scout Tower |
| 4:48 | Scout Tower |
| 4:48 | Scout Tower |
| 4:49 | Scout Tower |
| 4:51 | Scroll of Regeneration |
| 4:57 | Keep |
| 5:10 | Farm |
| 5:13 | Improved Masonry |
| 5:39 | Guard Tower |
| 5:40 | Guard Tower |
| 5:44 | Farm |
| 5:53 | Arcane Tower |
| 5:54 | Guard Tower |
| 6:02 | Guard Tower |
| 6:03 | Scout Tower |
| 6:05 | Scout Tower |
| 6:05 | Scout Tower |
| 6:21 | Staff of Teleportation |
| 6:29 | Guard Tower |
| 6:36 | Guard Tower |
| 6:45 | Peasant |
| 6:56 | Boots of Speed |
| 7:04 | Scout Tower |
| 7:04 | Scout Tower |
| 7:05 | Scout Tower |
| 7:05 | Scout Tower |
| 7:35 | Arcane Sanctum |
| 7:40 | Advanced Masonry |
| 7:46 | Guard Tower |
| 7:48 | Peasant |
| 7:48 | Peasant |
| 7:52 | Peasant |
| 8:19 | Storm Bolt |
| 9:20 | Castle |
| 9:36 | Magic Sentry |
| 9:36 | Priest |
| 9:38 | Guard Tower |
| 9:40 | Scout Tower |
| 9:41 | Scout Tower |
| 9:48 | Arcane Vault |
| 9:50 | Arcane Vault |
| 10:05 | Peasant |
| 10:05 | Peasant |
| 10:09 | Potion of Healing |
| 10:12 | Boots of Speed |
| 10:12 | Staff of Teleportation |
| 10:12 | Boots of Speed |
| 10:21 | Scout Tower |
| 10:21 | Scout Tower |
| 10:22 | Scout Tower |
| 10:24 | Scout Tower |
| 10:26 | Scout Tower |
| 10:26 | Scout Tower |
| 10:31 | Improved Lumber Harvesting |
| 10:53 | Lumber Mill |
| 11:28 | Healing Salve |
| 11:38 | Lesser Clarity Potion |
| 11:40 | Lesser Clarity Potion |
| 11:40 | Lesser Clarity Potion |
| 12:00 | Guard Tower |
| 12:35 | Staff of Sanctuary |
| 12:40 | Orb of Lightning |
| 12:40 | Orb of Lightning |
| 12:46 | Staff of Sanctuary |
| 12:55 | Staff of Sanctuary |
| 12:59 | Guard Tower |
| 13:02 | Scout Tower |
| 13:03 | Scout Tower |
| 13:03 | Scout Tower |
| 13:03 | Scout Tower |
| 13:04 | Scout Tower |
| 13:04 | Scout Tower |
| 13:05 | Scout Tower |
| 13:05 | Scout Tower |
| 13:07 | Priest Adept Training |
| 13:19 | Frost Arrows |
| 13:37 | Periapt of Vitality |
| 13:55 | Guard Tower |
| 15:02 | Staff of Teleportation |
| 15:06 | Bash |
| 15:59 | Flame Strike |
| 19:33 | Forked Lightning |
| 19:50 | Arcane Tower |
| 22:57 | Farm |
| 23:00 | Gryphon Aviary |
| 23:00 | Gryphon Aviary |
| 25:32 | Soul Burn |
| 25:59 | Soul Burn |
| 27:00 | Blacksmith |
| 27:02 | Barracks |
| 27:10 | Farm |
| 27:10 | Farm |
| 27:10 | Farm |
| 27:11 | Farm |
| 27:11 | Farm |
| 27:11 | Farm |
| 27:12 | Gryphon Aviary |
| 27:12 | Gryphon Aviary |
| 27:28 | Scout Tower |
| 27:29 | Scout Tower |
| 27:30 | Scout Tower |
| 27:30 | Scout Tower |
| 27:31 | Scout Tower |
| 27:31 | Scout Tower |
| 27:32 | Scout Tower |
| 27:32 | Scout Tower |
| 27:33 | Scout Tower |
| 27:33 | Scout Tower |
| 27:33 | Scout Tower |
| 27:34 | Scout Tower |
| 27:38 | Imbued Masonry |
| 27:53 | Altar of Kings |
| 27:54 | Farm |
| 28:00 | Scout Tower |
| 28:01 | Scout Tower |
| 28:01 | Scout Tower |
| 28:01 | Scout Tower |
| 28:02 | Scout Tower |
| 28:02 | Scout Tower |
| 28:03 | Scout Tower |
| 28:03 | Scout Tower |
| 28:05 | Scout Tower |
| 28:05 | Scout Tower |
| 28:05 | Scout Tower |
| 28:06 | Scout Tower |
| 28:21 | Potion of Mana |
| 28:22 | Potion of Mana |
| 29:28 | Storm Bolt |
| 30:03 | Storm Hammers |
| 30:04 | Iron Forged Swords |
| 30:04 | Studded Leather Armor |
| 30:05 | Animal War Training |
| 30:16 | Farm |
| 30:17 | Farm |
| 30:18 | Guard Tower |
| 30:20 | Guard Tower |
| 30:21 | Farm |
| 30:22 | Farm |
| 30:22 | Farm |
| 30:22 | Farm |
| 30:26 | Farm |
| 30:26 | Farm |
| 30:33 | Cloud |
| 31:58 | Banish |
| 34:13 | Forked Lightning |
| 35:43 | Guard Tower |
| 36:24 | Storm Bolt |
| 36:45 | Bash |
| 39:16 | Siphon Mana |
| 40:53 | Frost Arrows |
| Right click | 4068 |
| Select group | 976 |
| Select | 643 |
| Build/train/purchase | 255 |
| Use ability | 210 |
| Chat | 27 |
| Assign group | 21 |
| Minimap ping | 15 |
| Misc. action | 6 |
| Item give/drop | 5 |
| Remove unit | 3 |
iggythefisk
(17:21) : 


| Lesser Clarity Potion | 3 | 210 |
| Staff of Sanctuary | 3 | 750 |
| Orb of Fire | 1 | 325 |
| Scroll of Regeneration | 1 | 100 |
| Boots of Speed | 3 | 750 |
| Staff of Teleportation | 3 | 450 |
| Potion of Invisibility | 1 | 100 |
| Circlet of Nobility | 1 | 175 |
| Healing Salve | 3 | 300 |
| Orb of Lightning | 1 | 375 |
| total: | 20 | 3535g |
| Peasant | 20 | 1500 | / | 0 |
| Priest | 1 | 135 | / | 10 |
| total: | 21 | 1635g | / | 10w |
| Scout Tower | 44 | 1320 | / | 880 |
| Arcane Tower | 3 | 210 | / | 150 |
| Guard Tower | 17 | 1190 | / | 850 |
| Altar of Kings | 1 | 180 | / | 50 |
| Farm | 3 | 240 | / | 60 |
| Lumber Mill | 1 | 120 | / | 0 |
| Arcane Vault | 2 | 260 | / | 60 |
| Town Hall | 1 | 385 | / | 205 |
| Arcane Sanctum | 1 | 150 | / | 140 |
| Keep | 1 | 320 | / | 210 |
| Castle | 1 | 360 | / | 210 |
| total: | 53 | 2655g | / | 1395w |
| 0:03 | Peasant |
| 0:07 | Altar of Kings |
| 0:17 | Peasant |
| 0:20 | Farm |
| 0:32 | Peasant |
| 0:35 | Lumber Mill |
| 0:39 | Peasant |
| 0:42 | Farm |
| 0:58 | Peasant |
| 1:14 | Peasant |
| 1:26 | Scout Tower |
| 1:27 | Peasant |
| 1:36 | Arcane Vault |
| 1:47 | Peasant |
| 1:50 | Scout Tower |
| 1:54 | Arcane Tower |
| 2:02 | Scout Tower |
| 2:03 | Peasant |
| 2:04 | Peasant |
| 2:04 | Peasant |
| 2:06 | Storm Bolt |
| 2:12 | Peasant |
| 2:32 | Arcane Tower |
| 2:43 | Scout Tower |
| 2:48 | Peasant |
| 2:48 | Peasant |
| 2:49 | Peasant |
| 3:12 | Guard Tower |
| 3:14 | Scout Tower |
| 3:27 | Bash |
| 3:38 | Guard Tower |
| 4:02 | Keep |
| 4:04 | Scout Tower |
| 4:32 | Guard Tower |
| 4:33 | Scout Tower |
| 4:50 | Boots of Speed |
| 4:51 | Staff of Teleportation |
| 5:18 | Scout Tower |
| 5:19 | Scout Tower |
| 5:23 | Farm |
| 5:39 | Guard Tower |
| 5:59 | Scout Tower |
| 6:01 | Guard Tower |
| 6:04 | Town Hall |
| 6:42 | Scout Tower |
| 6:43 | Scout Tower |
| 6:44 | Scout Tower |
| 6:51 | Storm Bolt |
| 6:55 | Healing Salve |
| 7:01 | Lesser Clarity Potion |
| 7:10 | Improved Masonry |
| 7:10 | Improved Lumber Harvesting |
| 7:11 | Guard Tower |
| 7:13 | Castle |
| 7:20 | Guard Tower |
| 7:26 | Soul Burn |
| 7:51 | Boots of Speed |
| 8:04 | Staff of Teleportation |
| 8:10 | Scout Tower |
| 8:11 | Scout Tower |
| 8:12 | Guard Tower |
| 8:28 | Advanced Masonry |
| 8:30 | Peasant |
| 8:30 | Peasant |
| 8:30 | Peasant |
| 8:46 | Scout Tower |
| 8:48 | Scout Tower |
| 8:50 | Scout Tower |
| 8:52 | Healing Salve |
| 8:58 | Lesser Clarity Potion |
| 9:06 | Guard Tower |
| 9:07 | Peasant |
| 9:09 | Scout Tower |
| 9:11 | Scout Tower |
| 9:11 | Scout Tower |
| 9:12 | Scout Tower |
| 9:54 | Arcane Sanctum |
| 10:00 | Advanced Lumber Harvesting |
| 11:07 | Healing Salve |
| 11:09 | Lesser Clarity Potion |
| 11:12 | Guard Tower |
| 11:13 | Scout Tower |
| 11:16 | Scout Tower |
| 11:17 | Scout Tower |
| 11:18 | Scout Tower |
| 11:19 | Scout Tower |
| 11:26 | Arcane Tower |
| 11:28 | Arcane Vault |
| 11:32 | Cluster Rockets |
| 11:59 | Boots of Speed |
| 12:01 | Potion of Invisibility |
| 12:06 | Incinerate |
| 12:38 | Staff of Sanctuary |
| 12:39 | Orb of Fire |
| 12:47 | Scout Tower |
| 12:48 | Scout Tower |
| 12:49 | Scout Tower |
| 12:49 | Scout Tower |
| 12:52 | Imbued Masonry |
| 12:55 | Staff of Teleportation |
| 12:59 | Circlet of Nobility |
| 13:03 | Guard Tower |
| 13:05 | Peasant |
| 13:06 | Guard Tower |
| 13:08 | Scout Tower |
| 13:09 | Scout Tower |
| 13:09 | Scout Tower |
| 13:10 | Scout Tower |
| 13:10 | Scout Tower |
| 13:11 | Scout Tower |
| 13:11 | Scout Tower |
| 13:20 | Priest Adept Training |
| 13:20 | Priest |
| 13:55 | Scroll of Regeneration |
| 14:08 | Orb of Lightning |
| 14:19 | Guard Tower |
| 14:21 | Guard Tower |
| 14:36 | Guard Tower |
| 14:38 | Scout Tower |
| 14:39 | Scout Tower |
| 14:40 | Scout Tower |
| 14:40 | Scout Tower |
| 15:00 | Bash |
| 15:08 | Staff of Sanctuary |
| 16:04 | Engineering Upgrade |
| 16:38 | Guard Tower |
| 16:56 | Scout Tower |
| 16:57 | Scout Tower |
| 17:12 | Staff of Sanctuary |
| Right click | 961 |
| Select group | 613 |
| Select | 252 |
| Assign group | 205 |
| Build/train/purchase | 102 |
| Use ability | 63 |
| Misc. action | 25 |
| Item give/drop | 9 |
| Resource trade | 4 |
| Minimap ping | 1 |
192 units @ 28.7k
/ 5.1k
121 buildings @ 15.9k
/ 7.4k

| Peasant | 14 | 1050 | / | 0 |
| Footman | 9 | 1215 | / | 0 |
| Knight | 10 | 2450 | / | 600 |
| Mortar Team | 13 | 2340 | / | 910 |
| Ogre Mauler | 1 | 300 | / | 0 |
| Mud Golem | 1 | 145 | / | 10 |
| Forest Troll Berserker | 1 | 245 | / | 30 |
| Forest Troll Shadow Priest | 3 | 585 | / | 30 |
| Tauren | 4 | 1120 | / | 320 |
| total: | 56 | 9450g | / | 1900w |
| Scout Tower | 11 | 330 | / | 220 |
| Guard Tower | 6 | 420 | / | 300 |
| Altar of Kings | 1 | 180 | / | 50 |
| Farm | 15 | 1200 | / | 300 |
| Lumber Mill | 1 | 120 | / | 0 |
| Barracks | 3 | 480 | / | 180 |
| Blacksmith | 1 | 140 | / | 60 |
| Town Hall | 4 | 1540 | / | 820 |
| Cannon Tower | 1 | 120 | / | 100 |
| Workshop | 2 | 280 | / | 280 |
| Keep | 1 | 320 | / | 210 |
| Castle | 1 | 360 | / | 210 |
| Tauren Totem | 4 | 540 | / | 620 |
| total: | 42 | 4810g | / | 2530w |
| 0:03 | Peasant |
| 0:03 | Peasant |
| 0:03 | Peasant |
| 0:03 | Peasant |
| 0:25 | Altar of Kings |
| 0:33 | Peasant |
| 0:39 | Farm |
| 0:53 | Farm |
| 1:04 | Peasant |
| 1:05 | Peasant |
| 1:09 | Lumber Mill |
| 1:21 | Barracks |
| 1:33 | Peasant |
| 1:33 | Peasant |
| 1:55 | Peasant |
| 1:55 | Peasant |
| 2:10 | Barracks |
| 2:26 | Footman |
| 2:31 | Holy Light |
| 2:39 | Barracks |
| 2:49 | Blacksmith |
| 3:05 | Farm |
| 3:08 | Farm |
| 3:13 | Farm |
| 3:46 | Footman |
| 3:48 | Footman |
| 4:04 | Iron Plating |
| 4:17 | Footman |
| 4:27 | Footman |
| 4:51 | Footman |
| 4:55 | Footman |
| 5:13 | Footman |
| 5:30 | Devotion Aura |
| 5:33 | Iron Forged Swords |
| 5:36 | Footman |
| 6:43 | Keep |
| 7:27 | Town Hall |
| 8:00 | Holy Light |
| 8:08 | Town Hall |
| 9:36 | Ogre Mauler |
| 9:37 | Mud Golem |
| 9:38 | Forest Troll Berserker |
| 9:38 | Forest Troll Shadow Priest |
| 9:54 | Farm |
| 9:56 | Farm |
| 9:57 | Farm |
| 9:58 | Farm |
| 10:00 | Farm |
| 10:17 | Peasant |
| 10:17 | Peasant |
| 10:50 | Castle |
| 11:12 | Scout Tower |
| 11:16 | Scout Tower |
| 11:17 | Scout Tower |
| 11:23 | Improved Lumber Harvesting |
| 11:26 | Steel Plating |
| 11:34 | Forest Troll Shadow Priest |
| 11:44 | Guard Tower |
| 11:46 | Guard Tower |
| 11:54 | Farm |
| 11:56 | Farm |
| 11:57 | Farm |
| 11:58 | Farm |
| 11:59 | Farm |
| 12:02 | Scout Tower |
| 12:04 | Scout Tower |
| 12:16 | Steel Forged Swords |
| 12:28 | Improved Masonry |
| 12:50 | Forest Troll Shadow Priest |
| 13:09 | Guard Tower |
| 13:13 | Sundering Blades |
| 13:13 | Animal War Training |
| 13:15 | Guard Tower |
| 13:49 | Workshop |
| 13:53 | Workshop |
| 14:00 | Advanced Lumber Harvesting |
| 14:46 | Knight |
| 14:48 | Knight |
| 15:18 | Fragmentation Shards |
| 15:20 | Flare |
| 15:21 | Mortar Team |
| 15:21 | Mortar Team |
| 16:10 | Knight |
| 16:38 | Mortar Team |
| 17:05 | Knight |
| 17:26 | Devotion Aura |
| 17:48 | Knight |
| 18:01 | Mortar Team |
| 18:21 | Mortar Team |
| 18:24 | Mortar Team |
| 18:55 | Knight |
| 19:05 | Black Gunpowder |
| 19:56 | Knight |
| 20:12 | Knight |
| 20:45 | Knight |
| 21:43 | Mortar Team |
| 21:44 | Mortar Team |
| 23:33 | Mortar Team |
| 23:36 | Holy Light |
| 23:52 | Refined Gunpowder |
| 25:44 | Resurrection |
| 26:18 | Town Hall |
| 29:12 | Imbued Gunpowder |
| 30:23 | Town Hall |
| 32:50 | Scout Tower |
| 32:51 | Scout Tower |
| 32:52 | Scout Tower |
| 33:07 | Mortar Team |
| 33:07 | Mortar Team |
| 33:07 | Mortar Team |
| 33:08 | Mortar Team |
| 34:33 | Scout Tower |
| 35:07 | Scout Tower |
| 35:10 | Cannon Tower |
| 35:13 | Scout Tower |
| 35:43 | Guard Tower |
| 36:25 | Guard Tower |
| 37:41 | Knight |
| 39:11 | Peasant |
| 39:47 | Tauren Totem |
| 39:48 | Tauren Totem |
| 39:48 | Tauren Totem |
| 39:49 | Tauren Totem |
| 41:15 | Pulverize |
| 41:17 | Tauren |
| 41:23 | Tauren |
| 41:32 | Tauren |
| 41:32 | Tauren |
| Right click | 728 |
| Select | 371 |
| Build/train/purchase | 96 |
| Select group | 96 |
| Misc. action | 93 |
| Use ability | 79 |
| Assign group | 23 |
| Esc | 1 |
| Minimap ping | 1 |

| Healing Salve | 1 | 100 |
| Lesser Clarity Potion | 3 | 210 |
| Potion of Healing | 1 | 150 |
| Orb of Lightning | 1 | 375 |
| Scroll of Town Portal | 1 | 350 |
| total: | 7 | 1185g |
| Peon | 18 | 1350 | / | 0 |
| Grunt | 6 | 1200 | / | 0 |
| Troll Headhunter | 11 | 1540 | / | 220 |
| Shaman | 4 | 520 | / | 80 |
| Troll Witch Doctor | 4 | 580 | / | 100 |
| Tauren | 5 | 1400 | / | 400 |
| Troll Berserker | 3 | 420 | / | 60 |
| Forest Troll Shadow Priest | 1 | 195 | / | 10 |
| total: | 52 | 7205g | / | 870w |
| Watch Tower | 10 | 1100 | / | 800 |
| Altar of Storms | 1 | 180 | / | 50 |
| Orc Burrow | 10 | 1600 | / | 400 |
| Barracks | 2 | 360 | / | 100 |
| War Mill | 1 | 205 | / | 0 |
| Voodoo Lounge | 2 | 260 | / | 60 |
| Great Hall | 1 | 385 | / | 185 |
| Spirit Lodge | 2 | 300 | / | 300 |
| Tauren Totem | 1 | 135 | / | 155 |
| Stronghold | 1 | 315 | / | 190 |
| Fortress | 1 | 325 | / | 190 |
| total: | 30 | 4525g | / | 2050w |
| 0:07 | Peon |
| 0:12 | Altar of Storms |
| 0:17 | Orc Burrow |
| 0:24 | Barracks |
| 0:35 | Peon |
| 0:52 | Peon |
| 1:09 | Peon |
| 1:20 | Peon |
| 1:28 | Grunt |
| 1:38 | Peon |
| 1:55 | Orc Burrow |
| 2:13 | Feral Spirit |
| 2:24 | Barracks |
| 2:34 | War Mill |
| 2:49 | Grunt |
| 3:26 | Grunt |
| 3:28 | Grunt |
| 3:40 | Chain Lighting |
| 3:52 | Orc Burrow |
| 3:57 | Troll Headhunter |
| 4:18 | Voodoo Lounge |
| 4:23 | Voodoo Lounge |
| 4:50 | Troll Headhunter |
| 5:12 | Great Hall |
| 5:39 | Steel Ranged Weapons |
| 5:48 | Feral Spirit |
| 6:03 | Stronghold |
| 6:04 | Troll Headhunter |
| 6:39 | Troll Headhunter |
| 7:16 | Orc Burrow |
| 7:21 | Orc Burrow |
| 7:25 | Steel Armor |
| 7:30 | Healing Salve |
| 7:40 | Lesser Clarity Potion |
| 8:48 | Peon |
| 8:48 | Peon |
| 8:48 | Peon |
| 8:48 | Peon |
| 8:51 | Troll Headhunter |
| 8:53 | Troll Headhunter |
| 8:55 | Troll Headhunter |
| 9:17 | Spirit Lodge |
| 9:18 | Spirit Lodge |
| 9:23 | Thorium Ranged Weapons |
| 9:48 | Peon |
| 9:48 | Peon |
| 9:48 | Peon |
| 9:53 | Orc Burrow |
| 10:00 | Grunt |
| 10:55 | Fortress |
| 10:57 | Grunt |
| 11:02 | Peon |
| 11:20 | Shaman Adept Training |
| 11:21 | Witch Doctor Adept Training |
| 11:30 | Troll Headhunter |
| 11:44 | Lesser Clarity Potion |
| 11:47 | Lesser Clarity Potion |
| 11:51 | Potion of Healing |
| 12:07 | Troll Headhunter |
| 12:13 | Shaman |
| 12:14 | Troll Witch Doctor |
| 12:44 | Troll Headhunter |
| 12:47 | Shaman |
| 12:54 | Troll Witch Doctor |
| 13:35 | Tauren Totem |
| 13:37 | Berserker Upgrade |
| 13:39 | Troll Headhunter |
| 13:41 | Shaman Master Training |
| 13:50 | Witch Doctor Master Training |
| 14:03 | Orc Burrow |
| 14:37 | Peon |
| 14:37 | Peon |
| 14:37 | Peon |
| 14:38 | Peon |
| 15:07 | Orc Burrow |
| 15:25 | Orc Burrow |
| 15:33 | Pulverize |
| 16:03 | Tauren |
| 17:17 | Tauren |
| 17:22 | Troll Berserker |
| 17:48 | Chain Lighting |
| 18:32 | Tauren |
| 18:35 | Troll Witch Doctor |
| 18:36 | Shaman |
| 18:37 | Troll Witch Doctor |
| 18:38 | Shaman |
| 19:07 | Watch Tower |
| 19:08 | Watch Tower |
| 19:09 | Watch Tower |
| 19:10 | Watch Tower |
| 19:21 | Orb of Lightning |
| 19:22 | Scroll of Town Portal |
| 19:33 | Tauren |
| 19:45 | Troll Berserker |
| 20:10 | Tauren |
| 20:50 | Troll Berserker |
| 21:44 | Watch Tower |
| 22:00 | Orc Burrow |
| 22:08 | Watch Tower |
| 22:08 | Watch Tower |
| 22:09 | Watch Tower |
| 22:09 | Watch Tower |
| 22:10 | Watch Tower |
| 26:57 | Forest Troll Shadow Priest |
| Right click | 1252 |
| Select | 451 |
| Select group | 372 |
| Misc. action | 148 |
| Build/train/purchase | 110 |
| Assign group | 41 |
| Chat | 27 |
| Use ability | 26 |
| Remove unit | 3 |
| Item give/drop | 1 |
| Esc | 1 |
| Minimap ping | 1 |

| Healing Salve | 3 | 300 |
| Lesser Clarity Potion | 1 | 70 |
| Potion of Lesser Invulnerability | 1 | 150 |
| total: | 5 | 520g |
| Peon | 19 | 1425 | / | 0 |
| Troll Headhunter | 9 | 1260 | / | 180 |
| Grunt | 2 | 400 | / | 0 |
| Demolisher | 13 | 2860 | / | 650 |
| Raider | 5 | 900 | / | 200 |
| total: | 48 | 6845g | / | 1030w |
| Altar of Storms | 1 | 180 | / | 50 |
| Orc Burrow | 7 | 1120 | / | 280 |
| Barracks | 4 | 720 | / | 200 |
| War Mill | 1 | 205 | / | 0 |
| Voodoo Lounge | 1 | 130 | / | 30 |
| Great Hall | 2 | 770 | / | 370 |
| Spirit Lodge | 2 | 300 | / | 300 |
| Beastiary | 3 | 435 | / | 420 |
| Stronghold | 1 | 315 | / | 190 |
| Fortress | 1 | 325 | / | 190 |
| total: | 21 | 3860g | / | 1650w |
| 0:05 | Altar of Storms |
| 0:06 | Orc Burrow |
| 0:08 | Peon |
| 0:08 | Peon |
| 0:59 | Peon |
| 0:59 | Peon |
| 1:14 | Barracks |
| 1:21 | Peon |
| 1:21 | Peon |
| 1:22 | Peon |
| 1:43 | War Mill |
| 2:03 | Peon |
| 2:03 | Peon |
| 2:11 | Orc Burrow |
| 2:13 | Endurance Aura |
| 2:17 | Voodoo Lounge |
| 2:45 | Peon |
| 2:45 | Peon |
| 3:06 | Troll Headhunter |
| 3:06 | Troll Headhunter |
| 3:06 | Troll Headhunter |
| 3:15 | Orc Burrow |
| 4:15 | Orc Burrow |
| 4:17 | Troll Headhunter |
| 4:17 | Troll Headhunter |
| 4:17 | Troll Headhunter |
| 4:31 | Grunt |
| 4:34 | Healing Salve |
| 4:50 | Steel Armor |
| 5:26 | War Stomp |
| 5:31 | Grunt |
| 5:35 | Stronghold |
| 6:35 | Troll Headhunter |
| 6:35 | Troll Headhunter |
| 6:35 | Troll Headhunter |
| 6:52 | Endurance Aura |
| 7:29 | Steel Ranged Weapons |
| 8:20 | War Stomp |
| 8:31 | Fortress |
| 8:33 | Thorium Ranged Weapons |
| 8:34 | Thorium Armor |
| 8:38 | Orc Burrow |
| 8:42 | Orc Burrow |
| 9:14 | Potion of Lesser Invulnerability |
| 9:57 | Spirit Lodge |
| 10:04 | Spirit Lodge |
| 11:13 | Barracks |
| 11:14 | Barracks |
| 11:29 | Burning Oil |
| 11:30 | Demolisher |
| 11:30 | Demolisher |
| 11:30 | Demolisher |
| 11:32 | Barracks |
| 12:17 | Shaman Adept Training |
| 12:43 | Demolisher |
| 12:51 | Great Hall |
| 13:30 | Demolisher |
| 13:33 | Demolisher |
| 18:13 | Demolisher |
| 18:13 | Demolisher |
| 18:13 | Demolisher |
| 18:13 | Demolisher |
| 18:47 | Peon |
| 18:47 | Peon |
| 18:47 | Peon |
| 19:12 | Orc Burrow |
| 21:17 | Endurance Aura |
| 22:46 | Healing Salve |
| 22:53 | Demolisher |
| 22:54 | Demolisher |
| 22:56 | Peon |
| 22:56 | Peon |
| 24:51 | Peon |
| 24:51 | Peon |
| 25:07 | Reincarnation |
| 25:51 | War Stomp |
| 26:49 | Peon |
| 27:19 | Shockwave |
| 27:30 | Great Hall |
| 27:33 | Demolisher |
| 30:37 | Beastiary |
| 30:39 | Beastiary |
| 30:40 | Beastiary |
| 30:49 | Healing Salve |
| 32:14 | Raider |
| 32:14 | Raider |
| 32:14 | Raider |
| 32:14 | Raider |
| 32:14 | Raider |
| 33:52 | Lesser Clarity Potion |
| 34:15 | Ensnare |
| Right click | 1341 |
| Select | 492 |
| Select group | 157 |
| Build/train/purchase | 143 |
| Minimap ping | 27 |
| Assign group | 23 |
| Use ability | 13 |
| Chat | 7 |
| Misc. action | 4 |
| Esc | 4 |

x1)
| Lesser Clarity Potion | 1 | 70 |
| Scroll of Regeneration | 3 | 300 |
| Orb of Fire | 1 | 325 |
| Scroll of Town Portal | 3 | 1050 |
| Tome of Retraining | 1 | 300 |
| Orb of Lightning | 1 | 375 |
| Healing Salve | 1 | 100 |
| total: | 11 | 2520g |
| Peasant | 15 | 1125 | / | 0 |
| Siege Engine | 21 | 4095 | / | 1260 |
| total: | 36 | 5220g | / | 1260w |
| Scout Tower | 5 | 150 | / | 100 |
| Arcane Tower | 2 | 140 | / | 100 |
| Guard Tower | 3 | 210 | / | 150 |
| Altar of Kings | 1 | 180 | / | 50 |
| Farm | 15 | 1200 | / | 300 |
| Arcane Vault | 1 | 130 | / | 30 |
| Lumber Mill | 1 | 120 | / | 0 |
| Blacksmith | 1 | 140 | / | 60 |
| Town Hall | 1 | 385 | / | 205 |
| Workshop | 3 | 420 | / | 420 |
| Keep | 1 | 320 | / | 210 |
| Castle | 1 | 360 | / | 210 |
| total: | 28 | 2725g | / | 1165w |
| 0:03 | Peasant |
| 0:03 | Peasant |
| 0:03 | Peasant |
| 0:16 | Altar of Kings |
| 0:23 | Farm |
| 0:27 | Peasant |
| 0:43 | Scout Tower |
| 1:06 | Arcane Vault |
| 1:11 | Peasant |
| 1:23 | Arcane Tower |
| 1:36 | Lumber Mill |
| 1:39 | Peasant |
| 1:39 | Peasant |
| 1:45 | Blacksmith |
| 1:58 | Scout Tower |
| 2:10 | Farm |
| 2:19 | Summon Water Elemental |
| 4:44 | Peasant |
| 4:44 | Peasant |
| 4:45 | Peasant |
| 4:51 | Brilliance Aura |
| 4:56 | Town Hall |
| 5:11 | Peasant |
| 5:51 | Scout Tower |
| 5:55 | Scout Tower |
| 6:03 | Peasant |
| 6:03 | Peasant |
| 6:26 | Peasant |
| 6:27 | Peasant |
| 6:32 | Scout Tower |
| 6:55 | Guard Tower |
| 6:58 | Keep |
| 7:03 | Guard Tower |
| 7:04 | Guard Tower |
| 7:06 | Arcane Tower |
| 7:21 | Black Gunpowder |
| 7:28 | Improved Masonry |
| 9:30 | Castle |
| 9:35 | Workshop |
| 9:52 | Lesser Clarity Potion |
| 9:55 | Scroll of Regeneration |
| 10:02 | Workshop |
| 10:07 | Workshop |
| 10:18 | Farm |
| 10:20 | Farm |
| 10:21 | Farm |
| 10:22 | Farm |
| 10:23 | Farm |
| 10:24 | Farm |
| 10:25 | Farm |
| 10:29 | Farm |
| 10:55 | Refined Gunpowder |
| 10:56 | Iron Plating |
| 10:59 | Improved Lumber Harvesting |
| 11:24 | Brilliance Aura |
| 11:52 | Siege Engine |
| 11:56 | Barrage |
| 12:24 | Siege Engine |
| 12:29 | Advanced Lumber Harvesting |
| 13:11 | Imbued Gunpowder |
| 13:37 | Siege Engine |
| 13:39 | Siege Engine |
| 14:05 | Siege Engine |
| 14:38 | Siege Engine |
| 14:43 | Farm |
| 14:45 | Farm |
| 14:45 | Farm |
| 14:46 | Farm |
| 14:52 | Farm |
| 15:18 | Siege Engine |
| 15:40 | Steel Plating |
| 16:23 | Siege Engine |
| 17:06 | Scroll of Town Portal |
| 17:38 | Summon Water Elemental |
| 17:42 | Orb of Fire |
| 17:46 | Siege Engine |
| 17:49 | Siege Engine |
| 17:57 | Scroll of Regeneration |
| 19:17 | Mithril Plating |
| 21:25 | Siege Engine |
| 21:26 | Siege Engine |
| 21:26 | Siege Engine |
| 21:35 | Scroll of Regeneration |
| 21:38 | Scroll of Town Portal |
| 22:25 | Siege Engine |
| 25:38 | Siege Engine |
| 28:11 | Siege Engine |
| 29:48 | Siege Engine |
| 30:26 | Orb of Lightning |
| 30:31 | Scroll of Town Portal |
| 30:47 | Healing Salve |
| 31:06 | Siege Engine |
| 33:17 | Siege Engine |
| 33:18 | Siege Engine |
| 33:19 | Siege Engine |
| 33:34 | Tome of Retraining |
| 33:34 | Retrain Hero |
| 33:38 | Blizzard |
| 33:38 | Brilliance Aura |
| 33:39 | Blizzard |
| 33:40 | Brilliance Aura |
| Select | 354 |
| Right click | 353 |
| Build/train/purchase | 106 |
| Misc. action | 17 |
| Use ability | 15 |
| Assign group | 9 |
| Select group | 9 |
| Item give/drop | 8 |
| Resource trade | 5 |
| Minimap ping | 2 |
| Remove unit | 1 |